[Event "Late-Titled-Tuesday-Blitz-March-26-2024"]
[Site "Chess.com"]
[Date "2024.03.26"]
[Round "2"]
[White "whiteglovethief"]
[Black "chessamical"]
[Result "1-0"]
[WhiteElo "2493"]
[BlackElo "2259"]
[TimeControl "180+1"]
[EndTime "14:17:59 PDT"]
[Termination "whiteglovethief won on time"]

1. d4 Nf6 2. c4 e6 3. Nf3 d5 4.
g3 Bb4+ 5. Nbd2 O-O 6. Bg2 dxc4 7.
O-O b5 8. a4 c6 9. Qc2 Bb7 10.
b3 cxb3 11. Nxb3 Nbd7 12. Rd1 a5 13. Nc5 Nxc5 14. dxc5 Qe7 15. Be3 Rfd8 16. Ne5 Nd5 17. axb5 Nxe3 18. fxe3 Qxc5 19. Qxc5 Bxc5 20. bxc6 Rxd1+ 21. Rxd1 Ba6 22. c7 Rc8 23. Rd8+ Bf8 24. Nd7 g6 25. Nxf8 Kg7 26. Kf2 Rxc7 27. Nd7 Rc2 28. Bf3 a4 29. Ra8 Bb5 30. Ne5 f6 31. Ra7+ Kg8 32. Ng4 1-0

[Event "Late-Titled-Tuesday-Blitz-March-26-2024"]
[Site "Chess.com"]
[Date "2024.03.26"]
[Round "2"]
[White "dretch"]
[Black "Russian_berezka"]
[Result "1-0"]
[WhiteElo "2867"]
[BlackElo "2583"]
[TimeControl "180+1"]
[EndTime "14:18:00 PDT"]
[Termination "dretch won by resignation"]

1. d4 g6 2. c4 Bg7 3. Nf3 c6 4.
e4 d5 5. e5 h5 6. Nc3 Nh6 7.
cxd5 cxd5 8. Qb3 e6 9. Bg5 Qa5 10. Qb5+ Nc6 11. Qxa5 Nxa5 12. Nb5 O-O 13. Nc7 Rb8 14.
Be7 a6 15. b4 Nc4 16. Bxc4 dxc4 17. d5 exd5 18. Bxf8 Bxf8 19. Nxd5 Be6 20. Nf6+ Kg7 21. a3 Be7 22. Nd4 Bxf6 23. Nxe6+ fxe6 24. exf6+ Kxf6 25. O-O-O Nf5 26. Rd7 b5 27. Ra7 Rb6 28. Rd1 Ne7 29.
Rd8 Nc6 30. Rd6 Ke5 31. Rad7 h4 32. Kd2 g5 33. h3 a5 34. bxa5 Ra6 35. Kc3 Rxa5 36.
Rxc6 Rxa3+ 37. Kb2 Rb3+ 38. Kc2 Ra3 39. Rc5+ Kf6 40.
Rxb5 c3 41. Rbb7 Ke5 42. Ra7 Ra6 43. Rxa6 1-0

[Event "Late-Titled-Tuesday-Blitz-March-26-2024"]
[Site "Chess.com"]
[Date "2024.03.26"]
[Round "2"]
[White "RantomOpening"]
[Black "Harsha_Bharathakoti"]
[Result "0-1"]
[WhiteElo "2606"]
[BlackElo "2905"]
[TimeControl "180+1"]
[EndTime "14:18:02 PDT"]
[Termination "Harsha_Bharathakoti won by resignation"]

1. c4 e6 2. Nf3 d5 3. e3 Nf6 4.
Nc3 b6 5. b3 Bd6 6. Bb2 O-O 7. d4 Bb7 8. Be2 Nbd7 9. O-O a6 10.
a4 c5 11. Rc1 Rc8 12. Qc2 cxd4 13. Nxd4 dxc4 14. bxc4 Qc7 15. Rfd1 Bxh2+ 16. Kf1 Be5 17. Nf3 Bxf3 18. gxf3 Nc5 19. f4 Bd6 20. Rd2 Rfd8 21.
Rcd1 Be7 22. Kg2 Rxd2 23. Rxd2 Rd8 24. Bf3 Rxd2 25. Qxd2 Ne8 26. Kf1 Nd6 27. Be2 Bf6 28.
Kg2 h6 29. f3 Nb3 30. Qd1 Na5 31.
e4 Ndxc4 32. Bc1 Bxc3 33. e5 Bb4 34. Qd3 Nxe5 35. fxe5 Qxc1 36. Qd8+ Bf8 37. Qxb6 Qd2 38. Qxa6 g6 39. Kh3 Qe1 40. Kg2 Kg7 41. Bf1 Bc5 0-1

[Event "Late-Titled-Tuesday-Blitz-March-26-2024"]
[Site "Chess.com"]
[Date "2024.03.26"]
[Round "2"]
[White "carloseduar100"]
[Black "karinachess1"]
[Result "1-0"]
[WhiteElo "2248"]
[BlackElo "2576"]
[TimeControl "180+1"]
[EndTime "14:18:02 PDT"]
[Termination "carloseduar100 won by resignation"]

1. d4 Nf6 2. Bg5 Ne4 3. h4 d5 4. Nd2 c5 5. Nxe4 dxe4 6. d5 h6 7. Bf4 e6 8. dxe6 Qxd1+ 9. Rxd1 Bxe6 10. Bxb8 Rxb8 11. e3 a6 12. b3 Be7 13. Ne2 O-O 14. Nf4 Bg4 15. Be2 Bxe2 16. Kxe2 Rfd8 17. g3 b5 18.
Rxd8+ Rxd8 19. Rd1 Rxd1 20. Kxd1 f5 21. Nd5 Bd8 22. c4 bxc4 23. bxc4 Kf7 24. Kc2 Ke6 25.
Kb3 Ba5 26. Kc2 Be1 27. Nf4+ Kf6 28. Nh3 g5 29. hxg5+ hxg5 30. Kd1 g4 31. Nf4 Bxf2 32. Ke2 Bg1 33. Nd5+ Ke5 34. Nc7 a5 35. a4 Kd6 36. Nd5 Ke5 37. Ne7 Bh2 38. Kf2 f4 39. gxf4+ Bxf4 40. Ng6+ Kf5 41. Nxf4 Kg5 42. Kg3 Kf5 43.
Nd5 Kg5 44. Ne7 Kf6 45. Nc6 Ke6 46. Nxa5 Kd7 47. Nb7 Kc6 48. Nxc5 Kxc5 49. a5 Kc6 50.
Kxg4 Kb7 51. c5 Ka6 52. c6 1-0

[Event "Late-Titled-Tuesday-Blitz-March-26-2024"]
[Site "Chess.com"]
[Date "2024.03.26"]
[Round "2"]
[White "GMMikhailKazakov"]
[Black "protectiago"]
[Result "1-0"]
[WhiteElo "2436"]
[BlackElo "2081"]
[TimeControl "180+1"]
[EndTime "14:18:02 PDT"]
[Termination "GMMikhailKazakov won on time"]

1. e4 e5 2. Nf3 Nc6 3. Bc4 Bc5 4. d4 exd4 5. c3 d6 6. cxd4 Bb4+ 7. Nc3 Nf6 8. O-O h6 9. Re1 Bxc3 10. bxc3 O-O 11. h3 Ne7 12. Ba3 Re8 13. e5 dxe5 14.
Nxe5 Ned5 15. Bb3 Be6 16. c4 Nc3 17. Qf3 Qxd4 18. Bb2 Bd5 19. cxd5 Rxe5 20. Bxc3 Rxe1+ 21. Rxe1 Qh4 22. g3 Qxh3 23. Bxf6 gxf6 24. d6 1-0

[Event "Late-Titled-Tuesday-Blitz-March-26-2024"]
[Site "Chess.com"]
[Date "2024.03.26"]
[Round "2"]
[White "manitodeplomo"]
[Black "DrVelja"]
[Result "0-1"]
[WhiteElo "2644"]
[BlackElo "3003"]
[TimeControl "180+1"]
[EndTime "14:18:03 PDT"]
[Termination "DrVelja won by checkmate"]

1. d4 Nf6 2. c4 g6 3. Nc3 Bg7 4.
e4 d6 5. Be2 O-O 6. Nf3 Bg4 7.
Bg5 Bxf3 8. gxf3 e5 9. d5 Qe8 10. b4 Nh5 11. Be3 a5 12. a3 Na6 13. Rb1 Nf4 14. Bf1 f5 15. c5 axb4 16. axb4 Kh8 17. Rg1 Qe7 18. c6 bxc6 19. dxc6 d5 20. Bxf4 exf4 21.
Nxd5 Qe5 22. Bxa6 Rxa6 23. Qc2 fxe4 24. fxe4 Rxc6 25. Qxc6 Qxe4+ 26. Kd2 Rd8 27. Rg5 Qxb1 28. Qxc7 Qxb4+ 29. Ke2 Qe4+ 30. Kf1 Qh1+ 31. Ke2 Re8+ 32.
Kd3 Qe4+ 33. Kd2 Qd4+ 34. Kc2 Re2+ 35. Kb3 Rb2+ 36. Ka3 Bf8+ 37. Ne7 Qb4# 0-1

[Event "Late-Titled-Tuesday-Blitz-March-26-2024"]
[Site "Chess.com"]
[Date "2024.03.26"]
[Round "2"]
[White "chess_blitz00"]
[Black "maciek_92"]
[Result "0-1"]
[WhiteElo "2586"]
[BlackElo "2876"]
[TimeControl "180+1"]
[EndTime "14:18:03 PDT"]
[Termination "maciek_92 won by checkmate"]

1. Nf3 d5 2. g3 Nf6 3. Bg2 Bg4 4. O-O Nbd7 5. d4 e6 6. h3 Bxf3 7. Bxf3 Bd6 8. Nd2 c6 9. c3 Qc7 10. e4 dxe4 11. Nxe4 Nxe4 12. Bxe4 h5 13. h4 O-O-O 14.
Bg2 Kb8 15. Qe2 Rde8 16. b4 e5 17. d5 c5 18. bxc5 Nxc5 19. Be3 f5 20. Bxc5 Bxc5 21.
Rab1 e4 22. Qb5 g5 23. d6 Bxd6 24. Rfd1 Re5 25. Qb3 Bc5 26. Rd5 b6 27. Rxe5 Qxe5 28. Qc4 gxh4 29. gxh4 Rd8 30. a4 Rd2 31. Rf1 Qg3 32. Qxc5 Qxg2+ 33. Kxg2 bxc5 34. Rb1+ Kc7 35. Rb5 Kc6 36. Kf1 a6 37. Rb8 f4 38. Rf8 f3 39. Rf4 Rd1# 0-1

[Event "Late-Titled-Tuesday-Blitz-March-26-2024"]
[Site "Chess.com"]
[Date "2024.03.26"]
[Round "2"]
[White "martinmena"]
[Black "Eloist"]
[Result "0-1"]
[WhiteElo "2251"]
[BlackElo "2488"]
[TimeControl "180+1"]
[EndTime "14:18:08 PDT"]
[Termination "Eloist won on time"]

1. c4 e5 2. g3 Nf6 3. Bg2 c6 4. d4 Bb4+ 5. Bd2 Bxd2+ 6. Qxd2 d6 7. Nc3 O-O 8. e3 Qe7 9. Nge2 Nbd7 10. O-O Nb6 11. b3 e4 12. d5 c5 13. a4 Bg4 14.
h3 Bf3 15. Kh2 Bxg2 16. Kxg2 Nbd7 17. g4 h5 18. g5 Nh7 19. h4 Ne5 20. Nxe4 Ng6 21.
f3 Nxh4+ 22. Kf2 Nxg5 23. Nxg5 Qxg5 24. Rg1 Qf6 25. Nf4 Nf5 26. Qe2 Qh4+ 27. Kf1 Ng3+ 28. Rxg3 Qxg3 29. Nxh5 Qh3+ 30. Qg2 Qxh5 31. Ke2 Qg6 32.
Qxg6 fxg6 33. Rg1 Rf6 34. Rg5 Raf8 35. Rg3 Kf7 36. e4 Rh8 37. Rg2 Rh1 38. Ke3 Rb1 0-1

[Event "Late-Titled-Tuesday-Blitz-March-26-2024"]
[Site "Chess.com"]
[Date "2024.03.26"]
[Round "2"]
[White "Mikhail_Golubev"]
[Black "MaiqMaster"]
[Result "1-0"]
[WhiteElo "2675"]
[BlackElo "2382"]
[TimeControl "180+1"]
[EndTime "14:18:09 PDT"]
[Termination "Mikhail_Golubev won by resignation"]

1. e4 c5 2. Nf3 e6 3. d4 cxd4 4. Nxd4 Nc6 5. Nc3 Qc7 6. Be3 a6 7. a3 b5 8. Nxc6 Qxc6 9. Bd3 Bb7 10. O-O Nf6 11. Re1 b4 12. axb4 Bxb4 13. Bd4 Be7 14. Qf3 O-O 15. Qh3 g6 16. Qh4 Kg7 17. Re3 d6 18. Rh3 e5 19. Qh6+ Kg8 20. Nd5 Rfe8 21. Be3 Bc8 22. Bg5 Bxh3 23. Nxf6+ Bxf6 24. Bxf6 1-0

[Event "Late-Titled-Tuesday-Blitz-March-26-2024"]
[Site "Chess.com"]
[Date "2024.03.26"]
[Round "2"]
[White "Chesstiger64"]
[Black "PepeCuenca"]
[Result "0-1"]
[WhiteElo "2408"]
[BlackElo "2730"]
[TimeControl "180+1"]
[EndTime "14:18:10 PDT"]
[Termination "PepeCuenca won by resignation"]

1. d4 Nf6 2. Nf3 g6 3. e3 Bg7 4.
Be2 O-O 5. O-O d5 6. c4 c6 7. Nc3 Bf5 8. b4 dxc4 9. Bxc4 a5 10. b5 c5 11. Bb2 Nbd7 12. Nh4 Nb6 13. Qe2 Bg4 14. f3 Nxc4 15. Qxc4 Be6 16. Qxc5 Rc8 17. Qe5 Nd5 18. Qxg7+ Kxg7 19. Nxd5 Bxd5 20. e4 Bc4 21. d5+ Kg8 22. Rfd1 Bxb5 23. f4 Rc2 24. Bd4 Qc8 25.
f5 Qc4 26. h3 g5 27. Nf3 Qe2 28. Ne1 Rd2 29. Rxd2 Qxd2 30. Nf3 Qd3 31. Rc1 Qxe4 32. Rc7 Be2 33. Bc3 Bxf3 34. gxf3 Qxf3 35. d6 exd6 36. Rc4 Qxf5 37. Rg4 h5 38. Rg3 f6 0-1

[Event "Late-Titled-Tuesday-Blitz-March-26-2024"]
[Site "Chess.com"]
[Date "2024.03.26"]
[Round "2"]
[White "Anton_Demchenko"]
[Black "BabageldiAnnaberdiyev"]
[Result "0-1"]
[WhiteElo "2955"]
[BlackElo "2642"]
[TimeControl "180+1"]
[EndTime "14:18:13 PDT"]
[Termination "BabageldiAnnaberdiyev won by resignation"]

1. e4 e6 2. d3 d5 3. Nd2 Nf6 4. e5 Nfd7 5. f4 c5 6. Ndf3 Nc6 7. g3 Be7 8. Bg2 b5 9. Nh3 Bb7 10. O-O Qb6 11. Kh1 h6 12. Qe2 g6 13. c3 a5 14.
Nf2 b4 15. c4 d4 16. Bd2 a4 17. Ne4 O-O-O 18. Qd1 Qa7 19. Rf2 Nb6 20. Qe2 a3 21.
bxa3 bxa3 22. Rb1 Nb4 23. Nxc5 Bxc5 24. Bxb4 Na4 25. Bxc5 Nxc5 26. Rff1 Bc6 27. Nd2 Qa8 28. Bxc6 Qxc6+ 29. Kg1 Kc7 30. Rb5 Rb8 31. Rfb1 Na4 32.
Ne4 Nc3 33. Nxc3 dxc3 34. Qc2 Rxb5 35. Rxb5 Rb8 36. Rxb8 Kxb8 37. Qxc3 Qb6+ 38. Kf1 Qb1+ 39.
Ke2 Qxa2+ 40. Kf3 Qb2 41. Qa5 a2 42. Qd8+ Ka7 43. Qa5+ Kb7 44. c5 a1=Q 45. c6+ Kxc6 0-1

[Event "Late-Titled-Tuesday-Blitz-March-26-2024"]
[Site "Chess.com"]
[Date "2024.03.26"]
[Round "2"]
[White "Slovak_fighter2000"]
[Black "Zhigalko_Sergei"]
[Result "0-1"]
[WhiteElo "2593"]
[BlackElo "2892"]
[TimeControl "180+1"]
[EndTime "14:18:14 PDT"]
[Termination "Zhigalko_Sergei won by resignation"]

1. d4 Nf6 2. Nf3 e6 3. c4 b6 4. a3 Ba6 5. Qc2 Bb7 6. Nc3 c5 7. e4 cxd4 8. Nxd4 Nc6 9. Nxc6 Bxc6 10. Be2 Qc7 11. O-O Bc5 12. b4 Bd4 13. Bf3 O-O 14. Bg5 Rac8 15. Bxf6 Bxf6 16. Rac1 Qe5 17. Qd3 Rc7 18.
Nb5 Bxb5 19. cxb5 Rfc8 20. Rxc7 Rxc7 21. g3 g6 22. Bg2 Qb2 23. Rd1 Be5 24. Rb1 Qa2 25.
Rf1 d6 26. f4 Rc3 27. Qd1 Rc2 28. Bf3 Rd2 29. Qxd2 Qxd2 30. fxe5 dxe5 31. Rf2 Qe3 32. Kg2 Qxa3 0-1

[Event "Late-Titled-Tuesday-Blitz-March-26-2024"]
[Site "Chess.com"]
[Date "2024.03.26"]
[Round "2"]
[White "AccioChess"]
[Black "Viktor_Poddubnyi"]
[Result "1-0"]
[WhiteElo "2518"]
[BlackElo "2306"]
[TimeControl "180+1"]
[EndTime "14:18:15 PDT"]
[Termination "AccioChess won on time"]

1. e4 g6 2. d4 Bg7 3. Nc3 d6 4.
Bg5 c5 5. Nf3 cxd4 6. Nxd4 Nc6 7. Nb3 Nf6 8. Qd2 O-O 9. Bh6 a5 10. a4 Be6 11. Bxg7 Kxg7 12. Nd4 Qb6 13. Nxe6+ fxe6 14. Bb5 Ng4 15. O-O Rac8 16. h3 Nf6 17. Kh2 e5 18. f4 exf4 19. Rxf4 Ne5 20. Raf1 e6 21. Ne2 Nxe4 22. Qc1 Nf6 23. Nd4 d5 24. Qe3 Ne4 25. Nf5+ exf5 26. Qxb6 1-0

[Event "Late-Titled-Tuesday-Blitz-March-26-2024"]
[Site "Chess.com"]
[Date "2024.03.26"]
[Round "2"]
[White "kecalk"]
[Black "titomagno_64"]
[Result "0-1"]
[WhiteElo "2498"]
[BlackElo "2313"]
[TimeControl "180+1"]
[EndTime "14:18:15 PDT"]
[Termination "titomagno_64 won on time"]

1. Nf3 Nf6 2. g3 g6 3. Bg2 Bg7 4. O-O O-O 5. c4 c6 6. d4 d5 7.
cxd5 cxd5 8. Ne5 Bf5 9. Nc3 Ne4 10. Qb3 Nc6 11. Nxc6 bxc6 12. Nxe4 Bxe4 13. Be3 Rb8 14. Qc3 Bxg2 15. Kxg2 Qb6 16. Rab1 Rfc8 17. b4 Qa6 18. Rb2 Rb7 19. Rc1 Rbb8 20. Bf4 Ra8 21. e3 f6 22. g4 Qb7 23. Bg3 Qd7 24. h3 Qe6 25. Qd3 Qf7 26.
f4 Qe6 27. Rbc2 f5 28. gxf5 gxf5 29. Rc5 Rab8 30. Qc3 a6 31. a4 Kh8 32. Kf2 Qh6 0-1

[Event "Late-Titled-Tuesday-Blitz-March-26-2024"]
[Site "Chess.com"]
[Date "2024.03.26"]
[Round "2"]
[White "thesupera12"]
[Black "cakeuvdort"]
[Result "0-1"]
[WhiteElo "2417"]
[BlackElo "2149"]
[TimeControl "180+1"]
[EndTime "14:18:15 PDT"]
[Termination "cakeuvdort won by resignation"]

1. Nc3 d5 2. b3 Bf5 3. Bb2 Nf6 4. e3 e6 5. Nf3 h6 6. h3 c6 7. Bd3 Bxd3 8. cxd3 Nbd7 9. O-O Bd6 10. e4 Ne5 11. Nxe5 Bxe5 12. Qc2 O-O 13. f4 Bd4+ 14. Kh1 Nh5 15.
Ne2 Bxb2 16. Qxb2 Qf6 17. Qe5 g6 18. g4 Qxe5 19. fxe5 Ng7 20. exd5 exd5 21. d4 Ne6 22. Rf6 Ng5 23. d3 Nxh3 24. Kg2 Ng5 25. Raf1 Kg7 26. Nc3 Ne6 27. Ne2 a5 28. Kg3 a4 29. b4 a3 30.
Rb1 Ra4 31. Rff1 b6 32. Rfc1 Rc8 33. Rb3 c5 34. bxc5 bxc5 35. Rb7 Nxd4 36. Nc3 Rb4 37. Rf1 Rxb7 38. Nxd5 Ne6 39. Ne7 Rxe7 0-1

[Event "Late-Titled-Tuesday-Blitz-March-26-2024"]
[Site "Chess.com"]
[Date "2024.03.26"]
[Round "2"]
[White "Meri-Arabidze"]
[Black "jefferyx"]
[Result "0-1"]
[WhiteElo "2676"]
[BlackElo "3100"]
[TimeControl "180+1"]
[EndTime "14:18:17 PDT"]
[Termination "jefferyx won on time"]

1. Nf3 g6 2. g3 Bg7 3. Bg2 d6 4.
O-O Nc6 5. c4 Bd7 6. Nc3 Qc8 7.
Re1 Bh3 8. Bh1 h5 9. Ng5 h4 10. Nd5 hxg3 11. hxg3 Bd7 12. Bg2 e6 13. Nf4 Qd8 14.
d3 Nd4 15. e3 Qxg5 16. exd4 Qh6 17. Kf1 g5 18. Nh3 Bxd4 19. Bxg5 Qg7 20. Be3 Bxe3 21.
Rxe3 Ne7 22. Nf4 Nf5 23. Re1 Nd4 24. b4 O-O-O 25. b5 Rh2 26. Qa4 Kb8 27. Re4 Rdh8 28.
Rae1 f5 29. Rxd4 Qxd4 30. Kg1 e5 31. Nd5 f4 0-1

[Event "Late-Titled-Tuesday-Blitz-March-26-2024"]
[Site "Chess.com"]
[Date "2024.03.26"]
[Round "2"]
[White "Boninknights"]
[Black "kagg1125"]
[Result "1-0"]
[WhiteElo "2376"]
[BlackElo "2517"]
[TimeControl "180+1"]
[EndTime "14:18:18 PDT"]
[Termination "Boninknights won by resignation"]

1. d4 Nf6 2. Nf3 g6 3. c4 Bg7 4.
Nc3 O-O 5. e4 d6 6. Be2 e5 7.
dxe5 dxe5 8. Qxd8 Rxd8 9. Bg5 c6 10. Nxe5 Re8 11. O-O-O Nbd7 12. Nxd7 Nxd7 13. f3 Ne5 14.
Kc2 f5 15. b3 fxe4 16. fxe4 Be6 17. Rhf1 h6 18. Bf6 Bxf6 19. Rxf6 Kg7 20. Rff1 Re7 21. Na4 b6 22. Nb2 c5 23. Nd3 Nc6 24. Nf4 Nd4+ 25. Kd2 Bg8 26. Bd3 Rd8 27. Nd5 Ree8 28. Rf2 b5 29. Rdf1 bxc4 30. bxc4 Rb8 31. Kc3 Re6 32. Nf6 Ra6 33. Nxg8 Ra3+ 34. Kd2 Rb2+ 35. Ke3 Nc2+ 36.
Kf4 Rxd3 37. Ke5 Rb7 38. Rxc2 Re7+ 39. Nxe7 1-0

[Event "Late-Titled-Tuesday-Blitz-March-26-2024"]
[Site "Chess.com"]
[Date "2024.03.26"]
[Round "2"]
[White "Zavgorodniy_Sergiy"]
[Black "Chempiblinka"]
[Result "1/2-1/2"]
[WhiteElo "2652"]
[BlackElo "2390"]
[TimeControl "180+1"]
[EndTime "14:18:20 PDT"]
[Termination "Game drawn by repetition"]

1. d4 Nf6 2. c4 g6 3. Nc3 Bg7 4.
e4 d6 5. Be2 O-O 6. Nf3 Bg4 7.
Ng1 Bxe2 8. Ngxe2 c5 9. d5 e6 10.
O-O exd5 11. exd5 Nbd7 12. h3 Ne5 13. b3 a6 14. a4 Rb8 15. Rb1 b6 16. Bb2 Re8 17.
Ba1 Rb7 18. Nf4 Rbe7 19. Nd3 Nxd3 20. Qxd3 Nd7 21. Qd2 Ne5 22. Rfe1 Nd7 23. Kf1 Rxe1+ 24. Rxe1 Re7 25. Rxe7 Qxe7 26. Qe2 Kf8 27. Qxe7+ Kxe7 28. Ke2 Bd4 29. Bb2 Ne5 30. Nd1 Bxb2 31. Nxb2 f5 32. Nd3 Kf6 33. Nxe5 Kxe5 34. Ke3 g5 35. g3 h5 36. f4+ gxf4+ 37. gxf4+ Kf6 38. a5 bxa5 39. Kd3 Ke7 40. Kc3 Kd7 41. Kb2 Kc7 42. Ka3 h4 43. Ka4 Kb6 44. Ka3 Kb7 45. Ka4 Kb6 46. Ka3 Kb7 47.
Ka2 Kc7 48. Kb2 Kd7 49. Kb1 Kc7 50. Ka1 Kb7 51. Ka2 Kc7 52. Ka3 Kb7 1/2-1/2

[Event "Late-Titled-Tuesday-Blitz-March-26-2024"]
[Site "Chess.com"]
[Date "2024.03.26"]
[Round "2"]
[White "ckgchess"]
[Black "EsmeraldasAnderson03"]
[Result "1-0"]
[WhiteElo "2909"]
[BlackElo "2606"]
[TimeControl "180+1"]
[EndTime "14:18:21 PDT"]
[Termination "ckgchess won by checkmate"]

1. e4 c5 2. c3 Nf6 3. e5 Nd5 4. d4 cxd4 5. Bc4 Nb6 6. Bb3 d6 7. Nf3 Nc6 8. exd6 e6 9. cxd4 Bxd6 10. Nc3 O-O 11. O-O Nb4 12. Re1 Bd7 13. a3 N4d5 14.
Bc2 Rc8 15. Qd3 g6 16. Bh6 Re8 17. Ne4 Bf8 18. Bg5 f6 19. Bh4 Bg7 20. Nd6 Rxc2 21.
Nxe8 Rc6 22. Nxg7 Kxg7 23. Rac1 Nf4 24. Qe4 Nbd5 25. Bg3 Nh5 26. Rxc6 bxc6 27. Bd6 Bc8 28. Bc5 Nhf4 29. g3 Nh3+ 30. Kg2 Ng5 31. Nxg5 fxg5 32. Qe5+ Kh6 33. h4 gxh4 34. Rh1 g5 35. f4 gxf4 36. Rxh4+ Kg6 37. Qh5+ Kf6 38. Qh6+ Kf5 39. Qxh7+ Kf6 40.
Rh6+ Kg5 41. Qg6# 1-0

[Event "Late-Titled-Tuesday-Blitz-March-26-2024"]
[Site "Chess.com"]
[Date "2024.03.26"]
[Round "2"]
[White "KuzubovYuriy"]
[Black "Godzillator"]
[Result "1-0"]
[WhiteElo "2918"]
[BlackElo "2399"]
[TimeControl "180+1"]
[EndTime "14:18:23 PDT"]
[Termination "KuzubovYuriy won on time"]

1. d4 Nf6 2. c4 e6 3. Nf3 d5 4. Nc3 Be7 5. cxd5 exd5 6. Qc2 c6 7. Bf4 O-O 8. e3 b5 9. Bd3 a5 10. O-O g6 11. Rac1 Ba6 12. Rfd1 Nbd7 13. a4 b4 14. Ne2 Bxd3 15. Qxd3 Qb6 16. Ne5 Nxe5 17. Bxe5 Rfc8 18.
b3 Ne4 19. f3 Nf6 20. Bxf6 Bxf6 21. Rc5 Be7 22. Rc2 c5 23. Rdc1 Rc7 24. Nf4 Qb7 25. dxc5 Rd8 26. c6 Qb6 27. Kf1 d4 28. e4 Bg5 29.
Nd5 Qa7 30. Nxc7 Bxc1 31. Nb5 1-0

[Event "Late-Titled-Tuesday-Blitz-March-26-2024"]
[Site "Chess.com"]
[Date "2024.03.26"]
[Round "2"]
[White "ArchibaldCerveza29"]
[Black "Alex_Banzea"]
[Result "0-1"]
[WhiteElo "2366"]
[BlackElo "2546"]
[TimeControl "180+1"]
[EndTime "14:18:23 PDT"]
[Termination "Alex_Banzea won by resignation"]

1. e4 c6 2. Nc3 d5 3. Nf3 dxe4 4.
Nxe4 Nf6 5. Qe2 Nxe4 6. Qxe4 Be6 7. b3 Nd7 8. Bb2 Nf6 9. Qe2 Bf5 10. Ne5 h5 11. O-O-O e6 12. f3 h4 13. Rg1 Qa5 14. Kb1 Bxc2+ 15. Kxc2 Qc5+ 16. Kb1 Qxg1 17. d4 Qxh2 18. Qe3 Nd5 19. Qf2 Bd6 20. Bd3 Bxe5 21.
dxe5 h3 22. Rg1 O-O-O 23. Qxa7 hxg2 24. Be4 Qxg1+ 25. Qxg1 Rh1 26. Bd4 Rxg1+ 27. Bxg1 Nc3+ 28. Kc2 Nxe4 29. fxe4 Rh8 0-1

[Event "Late-Titled-Tuesday-Blitz-March-26-2024"]
[Site "Chess.com"]
[Date "2024.03.26"]
[Round "2"]
[White "GelmanAlexander"]
[Black "NikoTheodorou"]
[Result "0-1"]
[WhiteElo "2680"]
[BlackElo "3113"]
[TimeControl "180+1"]
[EndTime "14:18:24 PDT"]
[Termination "NikoTheodorou won by resignation"]

1. c4 e5 2. e3 Nf6 3. a3 b6 4.
d3 Bb7 5. Nf3 Nc6 6. b4 d6 7. Bb2 g6 8. Be2 Bg7 9. Nbd2 O-O 10.
Qc2 a5 11. b5 Ne7 12. h3 Nd7 13.
g4 Nc5 14. Rg1 Re8 15. h4 d5 16. cxd5 Nxd5 17. h5 Qe7 18. Rd1 Rad8 19. g5 Nf4 20.
exf4 exf4 21. Ne4 Bxb2 22. Qxb2 Nxd3+ 23. Rxd3 Rxd3 24. Nf6+ Qxf6 25. gxf6 Bxf3 26. Rg5 Rxe2+ 27. Qxe2 Bxe2 28. Kxe2 Rd6 29. h6 Rxf6 30. Kf3 Kf8 31. Rd5 Rd6 32. Rxd6 cxd6 33. Kxf4 Ke7 34. Ke4 Ke6 35.
f4 d5+ 36. Kd4 Kd6 37. a4 f6 0-1

[Event "Late-Titled-Tuesday-Blitz-March-26-2024"]
[Site "Chess.com"]
[Date "2024.03.26"]
[Round "2"]
[White "TheMagician"]
[Black "VD_coach"]
[Result "0-1"]
[WhiteElo "2279"]
[BlackElo "2506"]
[TimeControl "180+1"]
[EndTime "14:18:25 PDT"]
[Termination "VD_coach won on time"]

1. d4 Nf6 2. c4 g6 3. Nc3 Bg7 4. e4 O-O 5. f3 d6 6. Be3 a6 7. Qd2 b6 8. h4 h5 9. Nh3 c5 10. d5 b5 11. cxb5 axb5 12. Bxb5 Ba6 13. Ba4 Nbd7 14. Bxd7 Nxd7 15. b3 Ne5 16. Nf2 Qa5 17.
Rc1 c4 18. f4 Nd3+ 19. Nxd3 cxd3 20. Na4 Qb5 21. Kf2 e6 22. dxe6 fxe6 23. Rhf1 Rac8 24.
Kg1 e5 25. Nc3 Qd7 0-1

[Event "Late-Titled-Tuesday-Blitz-March-26-2024"]
[Site "Chess.com"]
[Date "2024.03.26"]
[Round "2"]
[White "Rud_Makarian"]
[Black "GothamChess"]
[Result "1-0"]
[WhiteElo "3111"]
[BlackElo "2677"]
[TimeControl "180+1"]
[EndTime "14:18:27 PDT"]
[Termination "Rud_Makarian won on time"]

1. d4 g6 2. c4 Bg7 3. Nf3 d6 4.
Nc3 Bg4 5. g3 Nc6 6. d5 Ne5 7.
Bg2 h5 8. O-O Nxf3+ 9. exf3 Bd7 10. h4 Nh6 11. Re1 O-O 12. Bg5 Re8 13. Qd2 Nf5 14.
Re4 c5 15. Rae1 Bf6 16. g4 Ng7 17. Bxf6 exf6 18. Qf4 Re5 19. Qg3 Qb6 20. b3 Qa5 21. R1e3 Rae8 22. f4 Rxe4 23. Nxe4 Qd8 24. Nxd6 Rxe3 25.
Qxe3 Bxg4 26. Nxb7 Qb8 27. d6 Nf5 28. Qxc5 Nxh4 29.
Qc7 Qe8 30. Qe7 1-0

[Event "Late-Titled-Tuesday-Blitz-March-26-2024"]
[Site "Chess.com"]
[Date "2024.03.26"]
[Round "2"]
[White "JaackCamel"]
[Black "anasta10"]
[Result "0-1"]
[WhiteElo "2187"]
[BlackElo "2574"]
[TimeControl "180+1"]
[EndTime "14:18:27 PDT"]
[Termination "anasta10 won by checkmate"]

1. d4 c5 2. d5 d6 3. c4 Nf6 4.
Nc3 g6 5. e4 Bg7 6. Nf3 O-O 7.
Be2 e6 8. O-O exd5 9. exd5 Na6 10. h3 Nc7 11. Bf4 a6 12. a4 b6 13. Re1 Bf5 14. Bd3 Bxd3 15. Qxd3 Qd7 16. g4 Rfe8 17.
Ng5 h5 18. Qg3 Rxe1+ 19. Rxe1 Rd8 20. f3 b5 21. axb5 axb5 22. Nce4 Nce8 23. b3 bxc4 24. bxc4 Qa4 25. Bxd6 Qxc4 26. Bxc5 Nxe4 27. Nxe4 hxg4 28.
hxg4 Qxd5 29. Bf2 Nf6 30. Nxf6+ Bxf6 31. Kg2 Rc8 32. Re2 Kg7 33. Be3 Rh8 34. g5 Be5 35. Qe1 Rh2+ 36. Kg1 Rh3 37. Bf2 Qxf3 38. Rxe5 Rh1# 0-1

[Event "Late-Titled-Tuesday-Blitz-March-26-2024"]
[Site "Chess.com"]
[Date "2024.03.26"]
[Round "2"]
[White "crazycheesecake"]
[Black "Der_Balak_3Halak"]
[Result "0-1"]
[WhiteElo "1777"]
[BlackElo "2412"]
[TimeControl "180+1"]
[EndTime "14:18:27 PDT"]
[Termination "Der_Balak_3Halak won by checkmate"]

1. e4 b6 2. d4 Bb7 3. Nc3 e6 4. Nf3 Bb4 5. Bd3 c5 6. O-O cxd4 7. Nxd4 Nc6 8. Nf3 Nge7 9. Bg5 O-O 10. Qd2 d5 11. exd5 exd5 12. a3 Bxc3 13. Qxc3 f6 14. Bf4 Rc8 15. Qd2 Qd7 16. Rfe1 Rfe8 17. Rad1 Na5 18.
b3 Nac6 19. Bc4 Rcd8 20. Bxd5+ Nxd5 21. Qxd5+ Qxd5 22. Rxe8+ Kf7 23. Rxd5 Rxd5 24. Re1 Nd4 25. Nxd4 Rxd4 26. Bg3 Rd2 27. Rc1 g5 28. h4 h6 29.
hxg5 hxg5 30. c3 f5 31. f3 g4 32. Bf4 Rb2 33. b4 gxf3 34. gxf3 Bxf3 35. Kf1 b5 36. c4 bxc4 37. Rxc4 Be2+ 38. Ke1 Bxc4 39. Be5 Re2+ 40. Kf1 Rxe5+ 41. Kg2 Re3 42. Kf2 f4 43. Kg2 Kg6 44. Kf2 Kf5 45. Kg2 Kg4 46. Kf2 Re2+ 47. Kf1 Kg3 48. Kg1 Re1# 0-1

[Event "Late-Titled-Tuesday-Blitz-March-26-2024"]
[Site "Chess.com"]
[Date "2024.03.26"]
[Round "2"]
[White "TheCount"]
[Black "AryanTari"]
[Result "0-1"]
[WhiteElo "2636"]
[BlackElo "2998"]
[TimeControl "180+1"]
[EndTime "14:18:28 PDT"]
[Termination "AryanTari won on time"]

1. g3 e5 2. Bg2 d5 3. c4 dxc4 4. Qa4+ Nc6 5. Qxc4 Bd6 6. d3 h6 7. Bxc6+ bxc6 8. Qxc6+ Bd7 9. Qc2 Nf6 10. Nf3 Bh3 11. Nc3 O-O 12. Be3 Qd7 13. Qa4 Qe6 14. Qc4 Qd7 15.
d4 Bg2 16. Rg1 Bxf3 17. exf3 exd4 18. Qxd4 Qf5 19. Ke2 Rfe8 20. g4 Qa5 21. h4 Rab8 22. Rab1 Be5 23. Qd3 Rbd8 24. Qc4 Bxc3 25. bxc3 Nd5 26.
Rgc1 Nxe3 27. fxe3 Qe5 28. Kf2 Rd2+ 29. Kf1 Qh2 0-1